 Dungeon Crawl Stone Soup version 0.28.0-53-g5a82cb258f (webtiles) character file.

Game seed: 10743662891212402813

240 Legadrian the Covered (level 5, -6/46 HPs)
             Began as a Minotaur Fighter on July 9, 2022.
             Was a Plaything of Xom.
             Mangled by Grinder (7 damage)
             ... on level 3 of the Dungeon.
             The game lasted 00:05:45 (1705 turns).

Legadrian the Covered (Minotaur Fighter)            Turns: 1705, Time: 00:05:45

Health: -6/46      AC: 10    Str: 22    XL:     5   Next: 79%
Magic:  4/4        EV:  7    Int:  5    God:    Xom [..*...]
Gold:   174        SH:  5    Dex: 14    Spells: 4/4 levels left

rFire   . . .      SeeInvis .   a - +0 war axe
rCold   . . .      Faith    .   c - +0 buckler
rNeg    . . .      Spirit   .   h - +0 chain mail
rPois   .          Reflect  .   (helmet restricted)
rElec   .          Harm     .   (no cloak)
rCorr   .          Rampage  .   (no gloves)
Will    .....                   (no boots)
Stlth   ..........              (no amulet)
HPRegen 0.15/turn               (no ring)
MPRegen 0.09/turn               (no ring)

@: mighty, attractive, hasted, very quick
A: horns 2, retaliatory headbutt, agile 2, no potion heal 1
a: Renounce Religion


You were on level 3 of the Dungeon.
You worshipped Xom.
You were a toy of Xom.
You visited 1 branch of the dungeon, and saw 3 of its levels.

You collected 174 gold pieces.

Inventory:

Hand Weapons
 a - a +0 war axe (weapon)
 d - a +2 dagger of venom
 k - a +0 hunting sling
Missiles
 f - 46 sling bullets
 l - 2 poisoned darts (quivered)
 m - 38 stones
 n - 50 arrows
 o - 17 bolts
Armour
 b - a +0 scale mail
 c - a +0 buckler (worn)
 h - a +0 chain mail (worn)
 i - a +0 leather armour
Scrolls
 e - a scroll of enchant weapon {unknown}
 q - 2 scrolls of identify {unknown}
Potions
 g - 2 potions of ambrosia {unknown}
 j - a potion of haste {unknown}
 p - a potion of magic {unknown}
 r - 3 potions of attraction


   Skills:
 - Level 3.6 Fighting
 + Level 5.5 Axes
 + Level 6.1 Armour
 - Level 3.6 Shields


You had 4 spell levels left.
You didn't know any spells.
Your spell library contained the following spells:

 Spells                   Type           Power      Damage    Failure   Level
 Scorch                   Fire           0%         2d5       100%        2
 Flame Wave               Conj/Fire      0%         2d4       100%        4
 Summon Cactus Giant      Summ           0%         N/A       100%        6


Dungeon Overview and Level Annotations

Branches:
Dungeon (3/15)

Altars:
Cheibriados
Qazlal
Xom

Shops:
D:3 !*:

Annotations:
D:3 3 runed translucent doors, Grinder; diceflayer's ghost, amateur OpFi


Innate Abilities, Weirdness & Mutations

You have a pair of horns on your head.
You reflexively headbutt those who attack you in melee.
You are very agile. (Dex +4)
Potions are less effective at restoring your health.


Message History

Grinder gestures at you. Pain shoots through your body!
Grinder hits you but does no damage.
You closely miss Grinder.
Grinder is moderately wounded.
Xom smiles on you.
You feel very mighty all of a sudden. Grinder closely misses you.
You closely miss Grinder. You headbutt Grinder.
Grinder is moderately wounded.
Grinder blinks!
You barely miss the kobold. Your headbutt misses the kobold.
The kobold hits you with a +0 whip.
You barely miss the kobold. "Go forth and cause havoc, mortal!"
You feel yourself speed up. The kobold hits you with a +0 whip.
You closely miss the kobold. The kobold hits you with a +0 whip.
* * * LOW HITPOINT WARNING * * *
It was a potion of attraction.
You feel attractive to monsters. The kobold hits you but does no damage.
Grinder is attracted toward you.
You slash the kobold!
You kill the kobold!
Grinder gestures at you.
You suddenly lose the ability to move!
Grinder is attracted toward you. Grinder hits you but does no damage. x4
Grinder hits you.
* * * LOW HITPOINT WARNING * * *
You writhe in agony.
* * * LOW HITPOINT WARNING * * *
You can move again.
You hit Grinder.
Grinder is heavily wounded.
Grinder hits you but does no damage.
You slash Grinder! Your headbutt misses Grinder.
Grinder is almost dead.
You closely miss Grinder.
Grinder is almost dead.
Grinder blinks!
Grinder is attracted toward you. Grinder hits you!
You die...

#.###......## #.##.##
##..........# #####.##.###
#)###.......# #............
.####.......####)#..........
..........#.##..∩..#.##.####
...######.#.##.#.###.##.#
.#.# #.#.......#...... .#.#
#.#######.#....# # ##.#
#...†...@5..§..# #.#
#..######...8'8# #.# #.
#...#.## #.# # .<..# .+ #..
....# +. .....# # .....8
........


You could see Grinder.

Vanquished Creatures
  A black bear (D:2)
  Terence (D:2)
  Robin (D:3)
  3 adders
  An adder zombie (D:2)
  A worm (D:3)
  3 dart slugs
  2 bat skeletons (D:2)
  5 endoplasms (D:2)
  3 giant cockroaches
  9 goblins
  10 hobgoblins
  2 jackals (D:3)
  A quokka (D:2)
  7 ball pythons (D:2)
  A ball python skeleton (D:2)
  A ball python zombie (D:2)
  2 bats
  4 frilled lizards
  A jackal skeleton (D:2)
  5 kobolds
  A quokka skeleton (D:2)
  4 rats
69 creatures vanquished.

Notes
Turn   | Place    | Note
-------+----------+-------------------------------------------
     0 | D:1      | Legadrian the Minotaur Fighter began the quest for the Orb.
     0 | D:1      | Reached XP level 1. HP: 19/19 MP: 0/0
   106 | D:1      | Found a faded altar of an unknown god.
   123 | D:1      | Prayed at the altar of an unknown god.
   123 | D:1      | Became a worshipper of Xom of Many Doors
   243 | D:1      | XOM: silly message
   255 | D:1      | Reached skill level 4 in Armour
   255 | D:1      | Reached XP level 2. HP: 27/27 MP: 1/1
   263 | D:1      | XOM: silly message
   509 | D:2      | Noticed a black bear
   511 | D:2      | XOM: potion effect (haste)
   535 | D:2      | Reached XP level 3. HP: 31/33 MP: 2/2
   542 | D:2      | Killed a black bear
   543 | D:2      | Reached skill level 5 in Armour
   543 | D:2      | Reached XP level 4. HP: 35/40 MP: 3/3
   611 | D:2      | Reached XP level 5. HP: 44/46 MP: 4/4
   746 | D:2      | Noticed Terence
   746 | D:2      | XOM: 2-stop teleportation journey
   752 | D:2      | Killed Terence
   753 | D:2      | Reached skill level 5 in Axes
   895 | D:2      | Found a snail-covered altar of Cheibriados.
   929 | D:2      | Gained mutation: Potions are less effective at restoring
                  | your health. [potion of mutation]
   929 | D:2      | Gained mutation: You are agile. (Dex +2) [potion of
                  | mutation]
   929 | D:2      | Gained mutation: You are very agile. (Dex +4) [potion of
                  | mutation]
  1067 | D:3      | Noticed Robin
  1085 | D:3      | Killed Robin
  1162 | D:3      | XOM: cloud trail
  1321 | D:3      | Found a runed translucent door.
  1323 | D:3      | Noticed diceflayer's ghost (amateur OpFi)
  1352 | D:3      | Found a stormy altar of Qazlal.
  1411 | D:3      | Found Geothuvui's Distillery.
  1470 | D:3      | Reached skill level 6 in Armour
  1568 | D:3      | Found Pituogani's Book Emporium.
  1659 | D:3      | Found Gicwuw's General Store.
  1666 | D:3      | Found a large runed translucent door.
  1666 | D:3      | Found a large runed translucent door.
  1667 | D:3      | Noticed Grinder
  1690 | D:3      | XOM: potion effect (might)
  1693 | D:3      | XOM: potion effect (haste)
  1696 | D:3      | Paralysed by Grinder for 5 turns
  1701 | D:3      | HP: 1/46 [Grinder (6)]
  1705 | D:3      | Mangled by Grinder

Illustrated notes

Levels and vault maps discovered:
D:1:      minmay_arrival_glassed_features, layout_loops_ring,
          chequers_ecumenical_altar_simple, minmay_misc_feat_plants
D:2:      layout_rooms, serial_undead, serial_undead_a, serial_undead_c,
          serial_undead_a, serial_undead_d, serial_undead_a, basic_altar,
          uniq_terence
D:3:      layout_loops_ring, mainiacjoe_overflow_brackets,
          jmf_multi_god_temple2, serial_shops,
          nicolae_shop_bloodbath_and_beyond, shop, shop, nicolae_shop_crystal,
          nicolae_lakefront_shop, gammafunk_ghost_grave, uniq_sigmund,
          uniq_ijyb, uniq_grinder, uniq_robin

Skill      XL: |  1  2  3  4  5 |
---------------+----------------+-----
Armour         | 4 5 6 |  6.1
Axes           | 3 4 5 |  5.5
Fighting       | |  3.6
Shields        | |  3.6

Action                   |  1- 3 |  4- 6 || total
-------------------------+-------+-------++-------
Melee: War axe           |    37 |    92 ||   129
       Headbutt          |     7 |    13 ||    20
  Use: Potion            |     1 |     3 ||     4
Armor: Chain mail        |    23 |    52 ||    75
Dodge: Dodged            |    18 |    29 ||    47
Block: Buckler           |    11 |    20 ||    31
